 Dungeon Crawl Stone Soup version 0.32-a0-120-gfac0567ad4 (webtiles) character file.

Game seed: 17694531185994462591

38 Bravepunisher the Ducker (level 3, -5/19 HPs)
             Began as a Spriggan Monk on Feb 6, 2024.
             Shot with an arrow by a centaur (10 damage)
             ... on level 7 of the Dungeon.
             The game lasted 00:04:06 (679 turns).

Bravepunisher the Ducker (Spriggan Monk)             Turns: 679, Time: 00:04:07

Health: -5/19      AC:  2    Str:  7    XL:     3   Next: 25%
Magic:  4/4        EV: 20    Int: 11    God:
Gold:   37         SH:  0    Dex: 19    Spells: 2/2 levels left

rFire   . . .        a - +0 short sword
rCold   . . .        (no shield)
rNeg    . . .        b - +0 robe
rPois   .            (helmet restricted)
rElec   .            (no cloak)
rCorr   .            (gloves unavailable)
SInv    +            (boots unavailable)
Will    .....        (no amulet)
Stlth   ++           (no ring)
HPRegen 0.23/turn    (no ring)
MPRegen 0.09/turn

%: no passive effects
@: very quick
A: very small, no large weapons, unfitting armour, see invisible, speed 3
a: no special abilities


You were on level 7 of the Dungeon.
You visited 1 branch of the dungeon, and saw 7 of its levels.

You collected 37 gold pieces.

Inventory:

Hand Weapons
 a - a +0 short sword (weapon)
Armour
 b - a +0 robe (worn)
Wands
 c - a wand of roots (7)
Scrolls
 d - a scroll of enchant weapon {unknown}
 e - 2 scrolls of identify {unknown}


   Skills:
 + Level 2.9 Fighting
 - Level 3.2 Short Blades
 * Level 5.3 Dodging


You had 2 spell levels left.
You didn't know any spells.
Your spell library was empty.

Dungeon Overview and Level Annotations

Branches:
Dungeon (7/15)
 Temple: D:4-7

Altars:

Shops:
D:4 [

Annotations:
D:2 Sigmund
D:3 Ijyb, Natasha
D:4 Menkaure


Innate Abilities, Weirdness & Mutations

You are very small and have problems with some larger weapons.
You are too small for most types of armour.
You have supernaturally acute eyesight. (SInv)
You cover ground extremely quickly. (Speed+++)


Message History

As you open the door, it creaks loudly!
A centaur comes into view.
The bullfrog gives a loud, deep croak!
The centaur shouts!
You hear a howl!
You hear an angry hiss.
You hear a howl!
The centaur wields a +0 orcbow.
The centaur shoots an arrow.
The arrow hits you!
Found a smoky puce potion and 18 gold pieces.
You close the door.
A scorpion comes into view.
The bullfrog hits you.
* * * LOW HITPOINT WARNING * * *
A centaur opens the door.
The bullfrog attacks as it pursues you! The bullfrog misses you.
The centaur shoots an arrow.
The arrow misses you. The bullfrog attacks as it pursues you!
The bullfrog hits you.
* * * LOW HITPOINT WARNING * * *
The centaur shoots an arrow.
The arrow misses you.
The centaur shoots an arrow.
The arrow closely misses you. The bullfrog attacks as it pursues you!
The bullfrog closely misses you.
You hear a howl!
The bullfrog attacks as it pursues you! The bullfrog closely misses you.
The bullfrog attacks as it pursues you! The bullfrog misses you.
Found 12 gold pieces.
Found a stone staircase leading up.
Found a flail.
There is a stone staircase leading up here.
You climb upwards.
The orc wizard shouts! x2; The orc shouts!
The orc priest shouts!
The orc shouts! x2
The orc wizard casts a spell.
The orc wizard flickers and vanishes for a moment.
An orc warrior comes into view. It is wielding a +0 flail.
The orc warrior shouts!
The orc shouts!
There is a stone staircase leading down here.
Unknown command.
The orc shouts!
The orc wizard shouts!
You climb downwards.
The bullfrog completely misses you.
The centaur shoots an arrow.
The arrow hits you!
Ouch! That really hurt!
You die...

.. ##### ...
##...##...
#.........
#....... #.F..#
#####
#.@o.##.....
#...........
##....).....
#s..##.....
#...# ###+ .
+.c.# .. #...#
...##...# ####
........##.....


You could see a bullfrog, a centaur, a scorpion and an orc.

Vanquished Creatures
  2 adders
  A shadow imp (D:5)
  A white imp (D:4)
  A bat (D:4)
  A quokka (D:2)
  A frilled lizard (D:4)
7 creatures vanquished.

Notes
Turn   | Place    | Note
-------+----------+-------------------------------------------
     0 | D:1      | Bravepunisher the Spriggan Monk began the quest for the
                  | Orb.
     0 | D:1      | Reached XP level 1. HP: 11/11 MP: 2/2
     9 | D:2      | Noticed Sigmund
    53 | D:3      | Noticed Ijyb
    85 | D:4      | Found Muredwef's Armour Emporium.
   136 | D:4      | Reached XP level 2. HP: 16/16 MP: 3/3
   210 | D:4      | Noticed Menkaure
   232 | D:3      | Noticed Natasha
   384 | D:5      | Entered Level 5 of the Dungeon
   409 | D:5      | Reached skill level 5 in Dodging
   409 | D:5      | Reached XP level 3. HP: 11/19 MP: 4/4
   612 | D:5      | Noticed a lemure
   616 | D:5      | Noticed a water moccasin
   620 | D:5      | Noticed an ogre
   649 | D:7      | Noticed a bullfrog
   654 | D:7      | Noticed a centaur
   656 | D:7      | Noticed a scorpion
   677 | D:6      | Noticed an orc warrior
   679 | D:7      | Shot with an arrow by a centaur

Illustrated notes

Levels and vault maps discovered:
D:1:      dpeg_arrival_connections, layout_loops_ring, st_stairs_2
D:2:      layout_basic, uniq_jessica, uniq_sigmund
D:3:      layout_rooms, grunt_temple_overflow_open, serial_shops, shop, shop,
          uniq_ijyb, uniq_natasha, uniq_robin, uniq_terence
D:4:      layout_rooms, lemuel_temple_firewalk_a, serial_shops,
          nicolae_shop_advertising_works [nicolae_subvault_shop_adworks],
          uniq_crazy_yiuf_cottage, uniq_menkaure
D:5:      layout_basic, gup_sewer_entry_glass, uniq_blork_the_orc, uniq_pikel,
          uniq_duvessa
D:6:      layout_rooms, feat_on_display
D:7:      layout_gridville, minmay_between

Skill      XL: |  1  2 |
---------------+-------+-----
Dodging        | 5 |  5.3
Fighting       | |  2.9
Short Blades   | |  3.2

Action                     || total
---------------------------++-------
  Melee: Short sword       ||    65
         Punch             ||     1
    Use: Potion            ||     2
 Armour: Skin              ||    22
         Robe              ||    28
  Dodge: Dodged            ||    76

Table legend: (Time is in decaauts)
 A = Elapsed time spent in this place.
 B = Non-inter-level travel time spent in this place.
 C = Inter-level travel time spent in this place.
 D = Time resting spent in this place.
 E = Time spent auto-exploring this place.
 F = Levels seen in this place.
 G = Mean time per level.
                   A        B        C        D        E       F      G
               +--------+--------+--------+--------+--------+-----+--------+
         Total |    525 |    525 |      0 |     68 |    186 |   7 |   75.0 |
       Dungeon |    525 |    525 |      0 |     68 |    186 |   7 |   75.0 |
               +--------+--------+--------+--------+--------+-----+--------+

Top non-repeatable levels by time:
     D:4: 213 daAuts
     D:5: 210 daAuts
     D:3: 35 daAuts
     D:2: 30 daAuts
     D:7: 19 daAuts
     D:6: 8 daAuts
     D:1: 7 daAuts
